Map: [EWC] Alcyone

Players

Serral - Winner!

  • Race: Zerg Zerg
  • Spawn Location: 7:00

herO

  • Race: Protoss Protoss
  • Spawn Location: 1:00

Event: Esports World Cup 2024

VOD

Have the link to the VOD?

Description

Time

  • Played on: Aug. 16, 2024, 1:29 p.m.
  • Length: 27:16

All games in this series

Show
View Real Time Build Order
Export as new Build Order

Serral Zerg - Winner!

Build Orders: Hatch First 

Get SALT Encoding   

  12  0:00  Drone  
  13  0:09  Drone  
  14  0:16  Overlord  
  14  0:40  Hatchery  
  13  0:43  Drone  
  13  0:47  Drone  
  15  0:51  Drone  
  15  0:55  Drone  
  17  1:08  Drone  
  17  1:10  Extractor  
  17  1:15  Spawning Pool  
  16  1:19  Drone  
  17  1:26  Drone  
  18  1:38  Drone  
  19  1:48  Drone  
  19  1:52  Drone  
  21  1:58  Overlord  
  21  2:03  Queen  
  21  2:04  Queen  
  21  2:07  Zergling x2  
  26  2:09  Zergling x2  
  26  2:14  Metabolic Boost  
  27  2:17  Drone  
  27  2:21  Drone  
  29  2:23  Drone  
  30  2:30  Drone  
  31  2:40  Hatchery  
  30  2:44  Drone  
  30  2:47  Overlord  
  31  2:52  Queen  
  31  2:55  Drone  
  35  2:58  Drone  
  35  3:00  Drone  
  36  3:11  Queen, Overlord  
  37  3:16  Drone x3  
  37  3:18  Drone  
  41  3:21  Drone  
  41  3:24  Zergling x2  
  43  3:30  Zergling x2  
  43  3:34  Queen  
  44  3:37  Drone  
  44  3:41  Overlord x2  
  47  3:51  Queen  
  49  3:59  Zergling x6  
  49  4:00  Drone x3  
  49  4:02  Spore Crawler x2  
  54  4:05  Drone x4  
  54  4:09  Drone  
  58  4:14  Drone  
  59  4:18  Drone  
  59  4:19  Drone x3  
  59  4:22  Overlord  
  59  4:23  Overlord  
  63  4:28  Overlord  
  63  4:33  Drone  
  63  4:35  Drone  
  63  4:37  Overlord  
  65  4:40  Roach Warren  
  65  4:45  Drone x2, Zergling x2  
  65  4:46  Drone x2  
  65  4:50  Lair  
  65  4:51  Drone  
  65  4:52  Extractor  
  69  4:54  Drone x2  
  69  4:55  Drone x2  
  73  5:00  Overlord  
  73  5:02  Drone x3  
  73  5:03  Drone  
  73  5:06  Drone  
  78  5:09  Drone  
  78  5:11  Extractor  
  78  5:14  Drone  
  78  5:16  Evolution Chamber  
  78  5:21  Drone x5  
  82  5:30  Hatchery, Drone x2  
  82  5:34  Extractor x2  
  81  5:36  Overlord  
  81  5:37  Spore Crawler, Drone x3  
  81  5:39  Overlord  
  81  5:41  Overlord x2  
  83  5:44  Drone x2  
  83  5:47  Drone, Zerg Missile Weapons Level 1  
  86  5:50  Hydralisk Den, Zergling x6  
  87  5:58  Zergling x10  
  87  5:59  Extractor  
  92  6:04  Zergling x6  
  92  6:10  Overlord  
  92  6:11  Overseer  
  94  6:13  Drone x2  
  94  6:14  Infestation Pit  
  94  6:17  Zergling x12  
  101  6:19  Spore Crawler  
  101  6:24  Overlord  
  98  6:26  Grooved Spines  
  98  6:33  Hydralisk x5  
  105  6:48  Hydralisk x5  
  105  6:51  Hive  
  105  6:52  Drone x2  
  105  6:53  Drone  
  118  6:55  Overlord  
  118  6:58  Overlord  
  118  6:59  Hydralisk x2  
  122  7:07  Hydralisk x3  
  127  7:11  Drone x4  
  131  7:20  Drone, Evolution Chamber  
  131  7:21  Drone x6  
  137  7:25  Muscular Augments  
  135  7:31  Drone x8  
  135  7:36  Overlord, Extractor  
  141  7:37  Extractor  
  141  7:38  Infestor  
  141  7:39  Infestor  
  141  7:41  Infestor  
  146  7:54  Zerg Ground Armor Level 1  
  146  8:00  Drone  
  146  8:01  Drone x6, Overlord  
  146  8:04  Queen x3  
  146  8:05  Queen  
  160  8:09  Zerg Missile Weapons Level 2  
  160  8:10  Ultralisk Cavern  
  159  8:21  Spore Crawler, Overlord  
  159  8:22  Drone, Overlord  
  159  8:23  Infestor  
  159  8:26  Hatchery  
  160  8:29  Zergling x2  
  160  8:30  Zergling x14  
  160  8:31  Drone  
  169  8:34  Spire  
  168  8:46  Overseer  
  168  8:47  Burrow  
  168  8:52  Zergling x14  
  168  8:54  Spine Crawler  
  173  8:58  Ultralisk x2  
  173  9:01  Zergling x16  
  193  9:06  Queen  
  193  9:07  Queen  
  196  9:22  Ultralisk  
  200  9:26  Chitinous Plating  
  192  9:46  Adrenal Glands  
  192  9:47  Greater Spire, Ultralisk  
  192  9:50  Zerg Melee Weapons Level 1  
  193  9:56  Neural Parasite  
  189  10:11  Zergling x10, Ultralisk  
  189  10:12  Spore Crawler  
  198  10:20  Zergling x22  
  198  10:21  Extractor  
  193  10:31  Ultralisk  
  199  10:40  Zerg Ground Armor Level 2  
  199  10:44  Spine Crawler, Anabolic Synthesis  
  199  10:45  Extractor  
  199  10:46  Overseer  
  199  10:47  Overseer, Pneumatized Carapace  
  196  11:03  Ultralisk x2  
  198  11:05  Zerg Flyer Armor Level 1  
  198  11:08  Hatchery  
  196  11:21  Hatchery  
  190  11:31  Viper x2  
  195  11:34  Zergling x10  
  195  11:35  Zergling x2  
  193  11:48  Zerg Melee Weapons Level 2  
  193  11:50  Zergling x2  
  193  11:51  Zergling x10  
  193  11:52  Overseer  
  197  12:13  Zergling x8  
  190  12:43  Drone  
  188  12:44  Zergling x22  
  195  12:56  Corruptor x2  
  199  13:00  Zerg Flyer Weapons Level 1  
  199  13:03  Corruptor x3  
  197  13:11  Corruptor  
  197  13:12  Corruptor x3  
  199  13:16  Hatchery  
  198  13:20  Spine Crawler, Zerg Ground Armor Level 3  
  197  13:28  Hatchery  
  197  13:31  Corruptor x4  
  197  13:39  Spire  
  188  13:44  Corruptor x6  
  196  14:19  Corruptor x3  
  200  14:29  Infestor  
  199  14:47  Extractor  
  198  14:53  Zerg Flyer Armor Level 2  
  164  15:08  Zergling x2  
  164  15:09  Zergling x16  
  164  15:10  Zergling x18  
  160  15:25  Infestor x3  
  160  15:26  Infestor x3  
  172  15:33  Spine Crawler, Spore Crawler, Drone x2  
  172  15:41  Viper  
  175  15:44  Corruptor x4, Brood Lord x8  
  189  16:22  Hatchery  
  187  16:27  Zergling x18  
  187  16:31  Overlord x2  
  191  16:50  Zerg Flyer Weapons Level 2  
  191  16:53  Baneling Nest  
  190  16:55  Corruptor x3  
  190  16:59  Drone  
  190  17:00  Drone x2  
  190  17:01  Overlord  
  199  17:02  Zerg Melee Weapons Level 3, Overseer  
  199  17:09  Zerg Missile Weapons Level 3, Lurker Den  
  199  17:14  Corruptor  
  200  17:24  Queen x6  
  200  17:30  Zerg Flyer Armor Level 3  
  196  17:39  Centrifugal Hooks, Drone x8  
  196  17:40  Brood Lord x2  
  196  17:48  Baneling  
  196  17:49  Baneling x12  
  195  17:52  Zergling x10  
  199  18:05  Overlord  
  199  18:09  Seismic Spines  
  199  18:10  Drone  
  199  18:11  Overseer  
  200  18:16  Overseer x3  
  190  18:32  Zergling x30  
  194  18:41  Zergling x12  
  198  18:49  Drone x3  
  198  18:50  Drone x2  
  194  19:03  Zergling x10  
  194  19:06  Adaptive Talons  
  199  19:15  Infestor x2  
  188  19:26  Corruptor x4  
  188  19:30  Brood Lord x3  
  186  19:38  Corruptor  
  186  19:39  Corruptor  
  187  19:56  Infestor  
  187  19:57  Infestor x4  
  189  20:03  Overseer x3  
  189  20:05  Brood Lord  
  189  20:06  Brood Lord  
  193  20:08  Overlord x2  
  193  20:10  Overlord  
  192  20:17  Extractor  
  192  20:18  Extractor  
  181  20:25  Corruptor x4  
  189  20:30  Brood Lord x2  
  189  20:31  Infestor  
  189  20:32  Infestor, Corruptor  
  199  20:37  Overseer  
  192  20:42  Corruptor  
  192  20:43  Corruptor x2  
  193  20:58  Hatchery  
  190  21:09  Zergling x6  
  191  21:14  Infestor x3  
  192  21:22  Drone x5  
  192  21:24  Zerg Flyer Weapons Level 3, Corruptor  
  199  21:31  Overlord  
  199  21:37  Overlord  
  197  21:40  Hatchery  
  196  22:02  Zergling x8  
  200  22:22  Extractor  
  199  22:25  Zergling x2  
  199  22:28  Hatchery  
  199  22:42  Zergling x2  
  200  22:52  Zergling x4  
  197  23:08  Zergling x4  
  197  23:09  Baneling x4  
  199  23:19  Unknown  
  185  23:57  Viper  
  185  24:00  Corruptor x3  
  191  24:08  Corruptor x2  
  193  24:11  Zergling x18  
  193  24:12  Baneling x8  
  193  24:13  Baneling, Overseer  
  199  24:44  Zergling x2  
  199  24:45  Zergling x10  
  199  25:07  Zergling x2  
  195  25:37  Zergling x12  
  197  25:44  Zergling x6  
  186  26:17  Corruptor x3  
  199  27:11  Hatchery  
Show
View Real Time Build Order
Export as new Build Order

herO Protoss 

Build Orders: 1 Gate Expand, Oracle Opening, Carriers 

Get SALT Encoding   

  12  0:00  Probe  
  13  0:15  Pylon  
  13  0:17  Probe (Chrono Boost)  
  14  0:26  Probe (Chrono Boost)  
  15  0:31  Probe (Chrono Boost)  
  16  0:42  Gateway  
  16  0:43  Probe  
  16  0:48  Assimilator  
  17  0:55  Probe  
  18  1:07  Probe  
  19  1:19  Probe  
  20  1:27  Nexus  
  20  1:37  Cybernetics Core  
  20  1:38  Probe  
  21  1:44  Assimilator  
  21  1:50  Probe  
  21  1:53  Pylon  
  22  2:02  Probe  
  23  2:10  Adept (Chrono Boost)  
  23  2:14  Probe  
  26  2:17  Stargate  
  26  2:25  Warp Gate  
  26  2:26  Probe  
  27  2:33  Adept  
  29  2:39  Probe (Chrono Boost)  
  31  2:44  Probe (Chrono Boost)  
  31  2:49  Probe (Chrono Boost)  
  33  2:52  Probe (Chrono Boost)  
  33  2:54  Probe (Chrono Boost)  
  34  3:03  Adept  
  34  3:04  Void Ray (Chrono Boost)  
  40  3:06  Probe  
  40  3:12  Pylon  
  41  3:15  Probe  
  41  3:18  Probe  
  43  3:30  Probe  
  43  3:31  Oracle (Chrono Boost), Probe  
  48  3:42  Nexus  
  48  3:46  Probe (Chrono Boost)  
  50  3:48  Probe (Chrono Boost)  
  50  3:53  Pylon  
  50  3:57  Assimilator  
  50  3:59  Assimilator  
  50  4:00  Probe (Chrono Boost)  
  52  4:04  Probe (Chrono Boost)  
  52  4:06  Probe (Chrono Boost)  
  53  4:12  Probe (Chrono Boost)  
  53  4:14  Pylon, Probe (Chrono Boost)  
  55  4:27  Probe (Chrono Boost)  
  57  4:31  Probe (Chrono Boost)  
  57  4:33  Probe (Chrono Boost)  
  57  4:37  Fleet Beacon  
  57  4:38  Probe, Stargate  
  59  4:41  Adept, Probe  
  62  4:50  Probe  
  63  4:53  Pylon  
  63  4:54  Probe (Chrono Boost)  
  64  5:02  Probe (Chrono Boost)  
  64  5:03  Shield Battery  
  64  5:04  Stalker  
  69  5:08  Probe (Chrono Boost)  
  69  5:11  Probe (Chrono Boost)  
  69  5:12  Probe (Chrono Boost)  
  70  5:15  Probe (Chrono Boost)  
  70  5:16  Forge  
  70  5:17  Probe x2 (Chrono Boost)  
  70  5:21  Carrier (Chrono Boost)  
  73  5:25  Carrier (Chrono Boost)  
  73  5:26  Probe  
  86  5:29  Probe  
  86  5:30  Probe  
  88  5:36  Pylon  
  88  5:41  Assimilator, Stalker, Probe  
  91  5:43  Probe  
  91  5:44  Probe  
  91  5:46  Assimilator  
  93  5:50  Protoss Ground Weapons Level 1  
  93  5:52  Twilight Council  
  93  5:54  Pylon, Probe  
  93  5:56  Probe  
  96  5:57  Probe  
  96  6:06  Probe  
  96  6:09  Probe  
  96  6:10  Probe  
  99  6:13  Gateway  
  99  6:14  Gateway  
  99  6:16  Gateway  
  99  6:18  Gateway, Probe  
  99  6:21  Carrier (Chrono Boost)  
  106  6:32  Pylon  
  106  6:35  Carrier (Chrono Boost)  
  108  6:40  Charge  
  108  6:42  Photon Cannon  
  108  6:51  Gateway  
  108  6:52  Gateway  
  108  6:56  Templar Archives  
  108  6:58  Zealot  
  108  7:01  Robotics Facility  
  110  7:04  Pylon  
  110  7:11  Photon Cannon  
  110  7:17  Pylon  
  110  7:21  Carrier (Chrono Boost)  
  110  7:22  Nexus, Psionic Storm  
  116  7:25  Carrier (Chrono Boost)  
  116  7:26  Zealot  
  122  7:30  Zealot  
  124  7:38  Pylon  
  124  7:39  Pylon  
  124  7:40  Pylon  
  124  7:47  Pylon  
  124  7:49  Photon Cannon  
  124  7:50  Shield Battery  
  124  8:01  High Templar  
  124  8:02  Zealot x4, High Templar  
  124  8:03  Zealot  
  137  8:11  Immortal (Chrono Boost)  
  137  8:12  Nexus  
  137  8:14  Photon Cannon  
  137  8:16  Protoss Air Weapons Level 1, Shield Battery  
  137  8:17  Protoss Ground Weapons Level 2 (Chrono Boost)  
  141  8:20  Photon Cannon  
  141  8:25  Probe x2  
  141  8:26  Probe  
  144  8:28  High Templar  
  144  8:33  Assimilator  
  146  8:35  Assimilator  
  146  8:38  Pylon  
  146  8:40  Photon Cannon  
  143  8:46  Zealot, High Templar x2  
  143  8:47  Zealot x2  
  153  8:50  Archon  
  153  8:51  Warp Prism (Chrono Boost)  
  155  8:57  Pylon  
  155  8:58  Probe  
  156  9:09  Zealot x5  
  162  9:19  Observer (Chrono Boost)  
  162  9:23  Probe x3  
  160  9:24  Robotics Bay, Probe  
  160  9:27  Robotics Facility  
  161  9:32  High Templar  
  161  9:33  Zealot x3, High Templar  
  161  9:36  Zealot  
  161  9:37  Zealot, Archon  
  175  9:40  Pylon  
  175  9:46  Probe x2  
  175  9:47  Probe x2  
  175  9:52  Observer  
  183  9:54  Photon Cannon  
  180  10:01  Zealot x3, High Templar x2  
  180  10:06  Zealot x2, Archon  
  184  10:21  Protoss Shields Level 1 (Chrono Boost)  
  184  10:22  Stalker x3  
  182  10:31  Disruptor x2 (Chrono Boost)  
  182  10:34  Blink  
  184  10:46  Zealot, High Templar x2  
  184  10:47  Zealot x3  
  184  10:49  Nexus  
  196  10:50  Pylon  
  196  10:51  Archon  
  196  10:59  Disruptor (Chrono Boost)  
  196  11:04  Protoss Air Weapons Level 2 (Chrono Boost)  
  196  11:10  Photon Cannon  
  196  11:11  Shield Battery, Disruptor (Chrono Boost)  
  200  11:15  Photon Cannon  
  200  11:17  Photon Cannon  
  200  11:18  Photon Cannon  
  200  11:21  Shield Battery x2  
  200  11:24  Pylon  
  194  11:34  Zealot x3  
  195  11:40  Photon Cannon  
  195  11:46  Photon Cannon  
  195  11:47  Observer x2, Pylon  
  195  11:49  Robotics Facility  
  195  11:50  Robotics Facility  
  195  11:52  Photon Cannon  
  197  11:54  Pylon  
  197  11:55  Oracle  
  197  11:58  Pylon  
  200  12:09  Protoss Shields Level 2  
  194  12:28  Colossus (Chrono Boost)  
  182  12:31  Tempest x2 (Chrono Boost)  
  182  12:34  Zealot  
  182  12:35  Zealot x4  
  200  12:41  Stargate  
  200  12:52  Unknown  
  197  13:06  Stargate x2  
  197  13:22  Observer  
  197  13:24  Zealot  
  200  13:36  Photon Cannon x2  
  200  13:37  Photon Cannon x4  
  200  13:38  Immortal (Chrono Boost)  
  200  13:39  Shield Battery, Photon Cannon, High Templar x6, Immortal (Chrono Boost)  
  200  13:42  Photon Cannon  
  200  13:45  Archon  
  200  13:46  Archon  
  200  13:57  Photon Cannon  
  200  13:58  Photon Cannon  
  200  13:59  Photon Cannon x3  
  200  14:00  Photon Cannon  
  200  14:04  Photon Cannon  
  198  14:38  Photon Cannon  
  197  14:39  Photon Cannon  
  197  14:40  Photon Cannon  
  197  14:45  Protoss Ground Weapons Level 3 (Chrono Boost)  
  197  14:53  Nexus  
  197  14:58  Protoss Air Weapons Level 3 (Chrono Boost)  
  196  15:03  Stalker x7  
  164  15:10  Immortal x3 (Chrono Boost)  
  104  15:26  Stalker x6  
  115  15:30  Stalker  
  115  15:31  Immortal (Chrono Boost)  
  117  15:40  Immortal (Chrono Boost)  
  127  15:43  Mothership (Chrono Boost)  
  127  15:51  Stalker x4  
  135  15:58  Zealot x3  
  101  16:19  Zealot x7  
  101  16:25  High Templar x2  
  103  16:26  High Templar x5  
  114  16:33  Probe (Chrono Boost)  
  114  16:34  Probe x2 (Chrono Boost)  
  114  16:37  Tempest (Chrono Boost)  
  114  16:38  Tempest (Chrono Boost)  
  124  16:41  Probe x2 (Chrono Boost)  
  124  16:46  Pylon  
  126  16:49  Archon  
  126  16:50  Archon  
  126  16:59  Tempest x2 (Chrono Boost)  
  126  17:00  Probe x2  
  138  17:06  Photon Cannon  
  138  17:07  Shield Battery  
  138  17:08  Observer  
  139  17:22  Tempest (Chrono Boost)  
  139  17:27  Zealot x5  
  139  17:28  Tempest (Chrono Boost)  
  159  17:40  Nexus  
  159  17:47  Tempest (Chrono Boost)  
  162  18:03  Void Ray (Chrono Boost)  
  158  18:05  Observer  
  158  18:06  Observer  
  158  18:07  Nexus  
  158  18:10  Oracle (Chrono Boost)  
  162  18:21  Photon Cannon  
  162  18:24  Stalker x2  
  166  18:28  Pylon  
  166  18:33  Probe x2  
  166  18:34  Probe x2  
  154  18:45  Probe  
  154  18:47  Pylon  
  159  18:50  Void Ray (Chrono Boost)  
  159  18:51  High Templar  
  159  18:52  High Templar  
  159  19:01  Probe x3  
  159  19:02  Probe  
  157  19:07  Photon Cannon  
  155  19:22  Stalker x5  
  161  19:28  Zealot  
  161  19:29  Zealot  
  147  19:59  Oracle (Chrono Boost)  
  137  20:04  Stalker x7  
  154  20:07  Observer (Chrono Boost)  
  148  20:29  Stalker x4  
  137  21:20  High Templar x4  
  145  21:30  Pylon  
  145  21:38  Nexus  
  145  21:39  High Templar x2  
  149  21:50  Assimilator  
  149  21:52  Oracle (Chrono Boost)  
  149  21:54  Assimilator  
  149  21:57  Shield Battery  
  149  21:58  Shield Battery  
  149  22:00  Shield Battery  
  149  22:01  Photon Cannon  
  142  22:20  Oracle (Chrono Boost)  
  144  22:35  Protoss Air Armor Level 1 (Chrono Boost)  
  131  22:51  Tempest x2 (Chrono Boost)  
  131  22:57  Tempest (Chrono Boost)  
  141  23:02  Pylon  
  146  23:14  Probe x4  
  146  23:18  Observer  
  151  23:25  Nexus  
  151  23:30  Shield Battery  
  139  24:17  Nexus  
  139  24:18  Pylon  
  139  24:21  High Templar x5  
  139  24:22  High Templar  
  151  24:30  Probe x4  
  155  24:35  Archon x3  
  155  24:42  Observer  
  145  24:53  Probe  
  145  24:54  Probe, Photon Cannon  
  145  24:56  Shield Battery  
  145  24:58  Assimilator  
  147  25:03  Probe x2  
  147  25:04  Observer  
  149  25:13  High Templar  
  151  25:14  High Templar  
  151  25:19  Archon  
  148  25:30  Zealot  
  148  25:31  Zealot x2  
  148  25:35  Zealot  
  148  25:36  Zealot  
  142  25:47  Zealot x2  
  146  25:52  Zealot x3  
  146  25:53  Observer (Chrono Boost)  
  128  26:20  Zealot x4  
  60  26:47  Observer  
  41  26:53  Zealot x3  
  29  26:54  High Templar x2  
  29  26:55  Zealot x2  
  29  26:57  Probe x4  
  29  26:58  Archon  
Tags
 
Add a new tag
Caveats
  • Supply blocks, unpowered buildings, or Contaminate may cause inaccurate times.
  • Supply counts are checked every 10 seconds.